 Dungeon Crawl Stone Soup version 0.21.0 (console) character file.

23640 removed the Spear-Bearer (level 13, 104/104 HPs)
             Began as a Barachi Wizard on Jan 7, 2018.
             Was a Believer of Ru.
             Quit the game on level 5 of the Lair of Beasts.
             The game lasted 00:46:18 (18936 turns).

removed the Spear-Bearer (Barachi Wizard)          Turns: 18936, Time: 00:46:18

Health: 104/104    AC:  7    Str:  8    XL:     13   Next: 8%
Magic:  23/23      EV: 16    Int: 23    God:    Ru [**....]
Gold:   482        SH:  0    Dex: 12    Spells: 9/26 levels left

rFire    . . .     SeeInvis .   a - +5 trident (curse)
rCold    . . .     Gourm    .   (no shield)
rNeg     . . .     Faith    .   R - +3 leather armour
rPois    .         Spirit   .   E - +0 hat
rElec    .         Reflect  .   T - scarf {repulsion}
rCorr    +         Harm     .   F - +0 pair of gloves
MR       .....                  (no boots)
Stlth    ++........             q - amulet of regeneration
HPRegen  0.67/turn              x - ring of resist corrosion
MPRegen  0.18/turn              V - ring of wizardry

@: repel missiles, slow
A: +LOS, swims, slowness 1, inability to use devices, strong legs 2
a: Hop, Renounce Religion


You were on level 5 of the Lair of Beasts.
You worshipped Ru.
Ru was pleased with you.
You were very hungry.

You visited 3 branches of the dungeon, and saw 18 of its levels.

You collected 823 gold pieces.
You spent 341 gold pieces at shops.

Inventory:

Hand Weapons
 a - a cursed +5 trident (weapon)
 b - a +0 spear
 g - a +0 club
 i - a +0 dagger
 I - a +2 flail of protection
 O - a +0 blowgun
Missiles
 N - a curare-tipped needle
Armour
 r - a +0 robe
 E - a +0 hat (worn)
 F - a +0 pair of gloves (worn)
 H - a +1 robe of the Archmagi
 K - a +2 robe of fire resistance
 R - a +3 leather armour (worn)
 S - a +2 leather armour of magic resistance
 T - a scarf of repulsion (worn)
Magical Staves
 Z - an uncursed staff of air {unknown}
Jewellery
 q - an amulet of regeneration (around neck)
 x - a ring of resist corrosion (left hand)
 V - a ring of wizardry (right hand)
Scrolls
 h - a scroll of enchant armour
 s - 6 scrolls of remove curse
 y - 3 scrolls of blinking
 z - a scroll of magic mapping {unknown}
 A - a scroll of silence {unknown}
 C - a scroll of fog
 G - 3 scrolls of teleportation
 J - 2 scrolls of identify
 U - 2 scrolls of amnesia
 W - a scroll of fear
 Y - 2 scrolls of enchant weapon
Potions
 l - 4 potions of brilliance
 m - 4 potions of might
 n - 4 potions of curing
 u - 3 potions of haste
 v - 2 potions of heal wounds
 B - a potion of resistance {unknown}
 D - 2 potions of flight
 L - a potion of magic
 M - a potion of lignification
 X - 3 potions of mutation
Books
 c - a book of Minor Magic

   Spells                             Type                      Level
   a - Magic Dart                     Conjuration                  1
   b - Blink                          Translocation                2
   c - Call Imp                       Summoning                    2
   d - Slow                           Hexes                        2
   e - Conjure Flame                  Conjuration/Fire             3
   f - Mephitic Cloud                 Conjuration/Poison/Air       3
 P - a book of Battle

   Spells                             Type                      Level
   a - Infusion                       Charms                       1
   b - Shroud of Golubria             Charms/Translocation         2
   c - Song of Slaying                Charms                       2
   d - Spectral Weapon                Hexes/Charms                 3
   e - Regeneration                   Charms/Necromancy            3
 Q - the Incunabulum of the Helpful Voyage
   (You found it on level 11 of the Dungeon)

   Spells                             Type                      Level
   a - Swiftness                      Charms/Air                   2
   b - Portal Projectile              Hexes/Translocation          3
   c - Gell's Gravitas                Translocation                3
   d - Passage of Golubria            Translocation                4
   e - Controlled Blink               Translocation                8
Comestibles
 d - 37 rations


   Skills:
 + Level 10.3 Fighting
 - Level 14.0 Polearms
 - Level 9.3 Dodging
 - Level 1.7 Stealth
 - Level 7.0 Spellcasting
 - Level 9.0 Conjurations
 - Level 4.0 Charms
   Level 1.2 Summonings
 - Level 1.1 Translocations


You had 9 spell levels left.
You knew the following spells:

 Your Spells              Type           Power        Failure   Level  Hunger
a - Magic Dart            Conj           ####         1%          1    None
b - Conjure Flame         Conj/Fire      ####....     2%          3    None
e - Regeneration          Chrm/Necr      ###.......   6%          3    None
l - Blink                 Tloc           N/A          4%          2    None
m - Mephitic Cloud        Conj/Pois/Air  ###.....     4%          3    None
s - Swiftness             Chrm/Air       ###.....     3%          2    None
w - Spectral Weapon       Hex/Chrm       ###.....     6%          3    None


Dungeon Overview and Level Annotations

Branches:
Dungeon (11/15)            Temple (1/1) D:4            Lair (6/6) D:8
  Swamp (0/4) Lair:3
  Snake: Lair:2-4    Spider: Lair:2-4     Slime: Lair:5-6       Orc: D:9-12

Altars:
Ashenzari
Cheibriados
Dithmenos
Elyvilon
Fedhas
Gozag
Hepliaklqana
Kikubaaqudgha
Makhleb
Nemelex Xobeh
Okawaru
Qazlal
Ru
Sif Muna
Trog
Uskayaw
Vehumet
Wu Jian
Xom
Yredelemnul
Zin
The Shining One
Lugonu

Shops:
D:9 *   D:11 [


Innate Abilities, Weirdness & Mutations

Shadows flee at your approach. (+LOS)
You can swim through water.
You cover ground slowly.
You cannot study or use magical devices.
You can hop long distances.


Message History

You feel sick.
You feel sick.
You see here a water moccasin corpse.
You feel sick.
You feel sick.
There is a stone staircase leading down, spattered with blood here.
You start resting.
You feel sick. x15
You are no longer poisoned.
You are feeling very hungry.
You start resting.
HP restored.
Ru believes you are ready to make a new sacrifice.
Okay, then.
Do you really want to reject the sacrifices Ru is offering?
Ru will take longer to evaluate your readiness.
Saving game... please wait.
Welcome back, removed the Barachi Wizard.
Ru says: Sacrifice that you might gain great power!
Press ? for a list of commands and other information.
Are you sure you want to abandon this character and quit the game? (Confirm with "yes".)

#..
..##......#.P#.# #
.P.##P............
#... ##.##.P..##.#
.... ..####..P#
.... .... #P..#
.....#.P. ##.##
.#P. ##.. #P.# ##.
##.## .. #..@#
.........#
#.###....# ###...
....# ##..## #...
.#.. .#.#


There were no monsters in sight!

Vanquished Creatures
  Kirke (Lair:3)
  A hydra (D:11)
  2 two-headed ogres
  Nergalle (Lair:1)
  3 ugly things (D:11)
  5 black mambas
  5 spiny frogs
  A komodo dragon (D:11)
  A rime drake (Lair:4)
  2 trolls
  The ghost of Gobbopathe the Ruffian, a novice VSTm (D:4)
  A hornet (D:11)
  A queen bee (Lair:1)
  A tyrant leech (Lair:3)
  5 slime creatures (D:10)
  5 hippogriffs
  4 blink frogs (Lair:3)
  2 dream sheep (Lair:4)
  2 wraiths (D:11)
  5 hogs
  A basilisk (Lair:1)
  A yak (D:7)
  2 wyverns
  A hungry ghost (D:11)
  A human (D:7)
  A soldier ant (D:11)
  12 water moccasins
  7 porcupines
  3 ice beasts
  A hornet zombie (D:9)
  2 orc warriors
  A phantom (D:4)
  4 sky beasts
  3 wolves (D:8)
  6 ogres
  4 centaurs
  A big kobold (D:7)
  10 crocodiles
  8 bullfrogs
  A water moccasin zombie (D:7)
  A water moccasin skeleton (D:10)
  5 scorpions
  21 killer bees
  5 wights (D:6)
  3 howler monkeys
  4 electric eels (D:8)
  A bullfrog zombie (D:8)
  4 crimson imps
  A quasit (D:5)
  7 hounds
  A centaur zombie (D:11)
  4 jellies
  3 orc priests
  A bullfrog skeleton (D:9)
  3 centaur skeletons
  4 iguanas
  12 orc wizards
  5 worker ants
  2 hound skeletons (D:7)
  A howler monkey zombie (D:5)
  A worker ant zombie (D:11)
  4 gnolls (D:7)
  9 adders
  3 shadow imps
  An adder zombie (D:7)
  2 adder skeletons
  2 worms
  2 dart slugs (D:1)
  3 leopard geckos
  21 orcs
  3 ball pythons
  4 giant cockroaches
  9 goblins
  7 hobgoblins
  13 jackals
  2 quokkas
  7 bats
  6 frilled lizards
  13 kobolds
  A quokka skeleton (D:10)
  8 rats
  A fungus (Lair:1)
329 creatures vanquished.

Vanquished Creatures (collateral kills)
  4 killer bees (Lair:1)
4 creatures vanquished.

Vanquished Creatures (others)
  A hippogriff (Lair:1)
  A wolf (D:8)
  A killer bee (Lair:1)
  A spectral weapon (Lair:4)
4 creatures vanquished.

Grand Total: 337 creatures vanquished

Notes
Turn   | Place    | Note
-------+----------+-------------------------------------------
     0 | D:1      | removed the Barachi Wizard began the quest for the Orb.
     0 | D:1      | Reached XP level 1. HP: 13/13 MP: 4/4
   332 | D:1      | Reached XP level 2. HP: 19/19 MP: 4/6
   532 | D:1      | Learned a level 2 spell: Blink
   847 | D:1      | Reached XP level 3. HP: 23/24 MP: 1/7
  1160 | D:2      | Learned a level 3 spell: Conjure Flame
  1660 | D:2      | Reached XP level 4. HP: 30/30 MP: 6/8
  1759 | D:2      | Found a sacrificial altar of Ru.
  1759 | D:2      | Found a basalt altar of Yredelemnul.
  1768 | D:2      | Became a worshipper of Ru the Awakened
  1892 | D:2      | Found a bloodstained altar of Trog.
  1937 | D:2      | Found a shimmering altar of Xom.
  1937 | D:2      | Found a shimmering altar of Xom.
  1938 | D:2      | Found a shimmering altar of Xom.
  1960 | D:2      | Found a shimmering altar of Xom.
  2255 | D:2      | Learned a level 3 spell: Mephitic Cloud
  2266 | D:3      | Found a glowing golden altar of the Shining One.
  2491 | D:3      | Reached skill level 5 in Conjurations
  2561 | D:3      | Found an opulent altar of Gozag.
  2618 | D:3      | Found an ornate altar of the Wu Jian Council.
  2834 | D:3      | Reached XP level 5. HP: 35/35 MP: 6/9
  2893 | D:3      | Found a radiant altar of Vehumet.
  3181 | D:4      | Found a burning altar of Makhleb.
  3315 | D:4      | Found a staircase to the Ecumenical Temple.
  3335 | D:4      | Noticed a phantom
  3361 | D:4      | Killed a phantom
  3361 | D:4      | Reached XP level 6. HP: 27/41 MP: 0/10
  3580 | Temple   | Entered the Ecumenical Temple
  4175 | D:4      | Noticed Gobbopathe's ghost (novice VSTm)
  4188 | D:4      | Killed Gobbopathe's ghost
  4188 | D:4      | Reached skill level 5 in Spellcasting
  4188 | D:4      | Reached XP level 7. HP: 38/46 MP: 2/15
  4421 | D:5      | Entered Level 5 of the Dungeon
  4450 | D:5      | Found a hide-covered altar of Uskayaw.
  4474 | D:5      | Reached skill level 1 in Fighting
  4637 | D:5      | Found an ornate altar of the Wu Jian Council.
  5110 | D:5      | Reached XP level 8. HP: 20/60 MP: 8/17
  5423 | D:5      | Found a white marble altar of Elyvilon.
  5588 | D:5      | Reached skill level 5 in Dodging
  6751 | D:6      | Reached XP level 9. HP: 65/65 MP: 11/18
  6834 | D:6      | Reached skill level 1 in Polearms
  6860 | D:6      | Reached skill level 2 in Polearms
  6915 | D:6      | Found a snail-covered altar of Cheibriados.
  6931 | D:6      | Reached skill level 3 in Polearms
  7321 | D:6      | Found a stormy altar of Qazlal.
  7486 | D:7      | Reached skill level 4 in Polearms
  7748 | D:7      | Reached skill level 5 in Polearms
  7766 | D:7      | Reached skill level 6 in Polearms
  7951 | D:7      | Reached skill level 7 in Polearms
  8273 | D:7      | Reached XP level 10. HP: 71/71 MP: 3/19
  8455 | D:7      | Reached skill level 8 in Polearms
  8719 | D:7      | Found a hazy altar of Hepliaklqana.
  8746 | D:7      | Found a sparkling altar of Nemelex Xobeh.
  8810 | D:7      | Reached skill level 5 in Fighting
  9381 | D:8      | Noticed a two-headed ogre
  9399 | D:8      | Killed a two-headed ogre
  9892 | D:8      | Found a staircase to the Lair.
 10372 | D:8      | Reached skill level 9 in Polearms
 10619 | D:8      | Gained mutation: You cannot study or use magical devices. [Ru sacrifice]
 10619 | D:8      | Reached * piety under Ru
 10619 | D:8      | Reached ** piety under Ru
 10832 | D:9      | Noticed a two-headed ogre
 10839 | D:9      | Killed a two-headed ogre
 10839 | D:9      | Reached skill level 10 in Polearms
 11037 | D:9      | Found a deep blue altar of Sif Muna.
 11123 | D:9      | Found Zot Apnu's Assorted Antiques.
 11265 | D:9      | Reached XP level 11. HP: 75/84 MP: 8/21
 11602 | D:9      | Found a deep blue altar of Sif Muna.
 11711 | D:9      | Bought 2 scrolls of identify for 124 gold pieces
 11711 | D:9      | Bought a scroll of identify for 62 gold pieces
 11711 | D:9      | Bought a tourmaline ring for 155 gold pieces
 11745 | D:10     | Entered Level 10 of the Dungeon
 12167 | D:10     | Found a bloodstained altar of Trog.
 12846 | D:11     | Noticed a white ugly thing
 12851 | D:11     | Killed a white ugly thing
 12873 | D:11     | Reached skill level 11 in Polearms
 12967 | D:11     | Noticed a green ugly thing
 12978 | D:11     | Killed a green ugly thing
 13272 | D:11     | Noticed a five-headed hydra
 13281 | D:11     | Killed a five-headed hydra
 13380 | D:11     | Noticed a cyan ugly thing
 13405 | D:11     | Reached skill level 12 in Polearms
 13566 | D:11     | Found Bile Ehupnugh's Armour Emporium.
 13780 | D:11     | Identified the Incunabulum of the Helpful Voyage
 13785 | D:11     | Learned a level 2 spell: Swiftness
 14100 | D:11     | Killed a cyan ugly thing
 14100 | D:11     | Reached skill level 10 in Fighting
 14204 | Lair:1   | Entered Level 1 of the Lair of Beasts
 14239 | Lair:1   | Learned a level 3 spell: Regeneration
 14243 | Lair:1   | Learned a level 3 spell: Spectral Weapon
 14257 | Lair:1   | Noticed Nergalle
 14285 | Lair:1   | Reached skill level 1 in Charms
 14547 | Lair:1   | Killed Nergalle
 14547 | Lair:1   | Reached XP level 12. HP: 95/97 MP: 15/22
 16137 | Lair:2   | Reached skill level 13 in Polearms
 17678 | Lair:3   | Found a staircase to the Swamp.
 17705 | Lair:3   | Reached skill level 14 in Polearms
 18562 | Lair:4   | Noticed Kirke
 18681 | Lair:3   | Killed Kirke
 18681 | Lair:3   | Gained mutation: You can hop long distances. [Barachi growth]
 18681 | Lair:3   | Reached XP level 13. HP: 97/103 MP: 18/23
 18706 | Lair:4   | You fall through a shaft for 2 floors!
 18706 | Lair:6   | Entered Level 6 of the Lair of Beasts
 18735 | Lair:5   | HP: 5/103 [poisoned by a black mamba]
 18740 | Lair:5   | HP: 5/103 [poisoned by a black mamba]
 18745 | Lair:5   | HP: 5/103 [poisoned by a black mamba]
 18936 | Lair:5   | Quit the game

Skill      XL: |  1  2  3  4  5  6  7  8  9 10 11 12 |
---------------+-------------------------------------+-----
Conjurations   | 2 3 4 5 6 9 |  9.0
Spellcasting   | 5 6 7 |  7.0
Fighting       | 4 7 10 | 10.3
Dodging        | 3 5 6 9 |  9.3
Polearms       | 7 10 12 14 | 14.0
Charms         | 3 4 |  4.0
Stealth        | |  1.7
Summonings     | |  1.2
Translocations | |  1.1

Action                   |  1- 3 |  4- 6 |  7- 9 | 10-12 | 13-15 || total
-------------------------+-------+-------+-------+-------+-------++-------
Melee: Club              |     1 |       |       |       |       ||     1
       Dagger            |     3 |       |       |       |       ||     3
       Spear             |       |    31 |    41 |       |       ||    72
       Flail             |       |       |    32 |       |       ||    32
       Trident           |       |       |   113 |   627 |    17 ||   757
 Cast: Magic Dart        |    75 |   111 |   286 |   428 |       ||   900
       Conjure Flame     |       |     2 |    18 |    46 |       ||    66
       Mephitic Cloud    |       |       |     5 |    28 |       ||    33
       Blink             |       |       |     2 |     9 |       ||    11
       Regeneration      |       |       |       |     7 |     3 ||    10
       Spectral Weapon   |       |       |       |    11 |     1 ||    12
Invok: Reject Sacrifices |       |     1 |       |     1 |     1 ||     3
       Sacrifice Artific |       |       |       |     1 |       ||     1
 Abil: Hop               |     1 |       |     3 |     7 |     1 ||    12
  Use: Scroll            |       |     6 |     2 |    14 |       ||    22
       Potion            |       |       |     1 |     3 |       ||     4
 Stab: Confused          |       |       |       |     9 |       ||     9
       Distracted        |       |       |       |     2 |       ||     2
       Invisible         |       |       |       |     1 |     1 ||     2
       Sleeping          |       |       |       |     1 |       ||     1
  Eat: Chunk             |     2 |     8 |    12 |    24 |       ||    46
       Ration            |       |       |     1 |     4 |       ||     5
Armor: Robe              |     4 |     6 |    23 |    14 |       ||    47
       Skin              |       |       |     5 |       |       ||     5
       Leather armour    |       |       |       |    24 |     2 ||    26
Dodge: Dodged            |     8 |    27 |   125 |   242 |     8 ||   410
